 Dungeon Crawl Stone Soup version 0.21-a0-91-ga5031da (webtiles) character file.

1282 HAL9000 the Basher (level 8, -7/79 HPs)
             Began as an Ogre Hunter on June 27, 2017.
             Was a Follower of Trog.
             Mangled by an orc warrior
             ... wielding a +0 scimitar
              (16 damage)
             ... on level 6 of the Dungeon on June 28, 2017.
             The game lasted 00:20:59 (10510 turns).

HAL9000 the Basher (Ogre Hunter)                   Turns: 10510, Time: 00:20:59

Health: -7/79      AC:  4    Str: 19      XL:     8   Next: 54%
Magic:  17/17      EV:  9    Int: 12      God:    Trog [*.....]
Gold:   311        SH:  0    Dex:  6 (9)  Spells: 7/7 levels left

rFire    . . .     SeeInvis .   C - +0 flail
rCold    . . .     Gourm    .   (no shield)
rNeg     . . .     Faith    .   b - +0 robe
rPois    .         Spirit   .   (helmet restricted)
rElec    .         Reflect  .   I - +0 cloak
rCorr    .         Harm     .   (gloves unavailable)
MR       .....                  (boots unavailable)
Stlth    ++........             (no amulet)
HPRegen  0.23/turn              s - ring of stealth
MPRegen  0.15/turn              w - ring of magical power

@: heavily drained
A: unfitting armour, tough skin 1
a: Berserk, Burn Spellbooks, Renounce Religion


You were on level 6 of the Dungeon.
You worshipped Trog.
Trog was aware of your devotion.
You were hungry.

You visited 2 branches of the dungeon, and saw 7 of its levels.

You collected 311 gold pieces.

Inventory:

Hand Weapons
 C - a +0 flail (weapon)
Missiles
 c - a large rock (quivered)
 d - a throwing net
Armour
 b - a +0 robe (worn)
 I - a +0 cloak (worn)
Jewellery
 s - a ring of stealth (left hand)
 w - a ring of magical power (right hand)
Wands
 A - a wand of paralysis (11/24)
Scrolls
 j - 4 scrolls of identify
 q - a scroll of fear {unknown}
 r - 2 scrolls of remove curse {unknown}
 x - a scroll of enchant armour {unknown}
 z - a scroll of magic mapping {unknown}
 E - a scroll of summoning {unknown}
Potions
 i - 2 potions of curing
Books
 y - a book of Misfortune

   Spells                             Type                      Level
   a - Confusing Touch                Hexes                        1
   b - Confuse                        Hexes                        3
   c - Gell's Gravitas                Translocation                3
   d - Petrify                        Transmutation/Earth          4
   e - Metabolic Englaciation         Hexes/Ice                    5
   f - Yara's Violent Unravelling     Hexes/Transmutation          5
   Trog disapproves of the use of such an item.
 H - a book of Beasts

   Spells                             Type                      Level
   a - Summon Butterflies             Summoning                    1
   b - Call Canine Familiar           Summoning                    3
   c - Summon Ice Beast               Ice/Summoning                4
   d - Summon Mana Viper              Hexes/Summoning              5
   e - Summon Hydra                   Summoning                    7
   Trog disapproves of the use of such an item.
Comestibles
 f - 3 bread rations
 D - a meat ration
 F - 2 fruits
 G - a royal jelly


   Skills:
 - Level 4.7(1.9) Fighting
 + Level 8.8(5.7) Maces & Flails
 - Level 4.0(1.3) Throwing
 - Level 1.7(0.0) Dodging
 - Level 0.6(0.0) Stealth


You had 7 spell levels left.
You didn't know any spells.

Dungeon Overview and Level Annotations

Branches:
Dungeon (6/15)             Temple (1/1) D:4

Altars:
Dithmenos
Elyvilon
Fedhas
Gozag
Hepliaklqana
Kikubaaqudgha
Makhleb
Nemelex Xobeh
Okawaru
Ru
Trog
Uskayaw
Vehumet
Wu Jian
Xom
Yredelemnul
Zin
The Shining One


Innate Abilities, Weirdness & Mutations

You are too large for most types of armour.
You have tough skin. (AC +1)


Message History

Unknown command.
You hit the orc warrior but do no damage.
The orc warrior hits you with a scimitar!!
The orc priest mumbles some strange prayers to Beogh against you.
Beogh smites you!
The orc priest miscasts a cantrip.
Throwing (i - inventory. (,) - cycle):
c - 2 large rocks (quivered)
Press: ? - help, Shift-Dir - straight line, f - orc
Aim: an orc, wielding a hand axe and wearing a ring mail (moderately wounded)
You throw a large rock.
The large rock closely misses the orc warrior.
The large rock barely misses the orc.
The orc priest invokes the aid of Beogh against you.
Beogh smites you!
The orc warrior hits you with a scimitar.
The orc priest calls down the wrath of Beogh upon you.
Beogh smites you!
* * * LOW HITPOINT WARNING * * *
The orc warrior hits you with a scimitar!
You die...

#....#.........#####
.......###.###.....#
.....#####.........#
.#.#.# #....#..#####
.#.#.###..##..####
......##.##..##..#
##.#...#.##.###..#
...#.#...##.###..#
#.[#.#......#...@#
#........#....##o#
..............##.#
#.....###.....##o#
...##.###...#.##.#
...##..#.......o.##
...###...#.##.##..#
#..####....##.##(..#
.....##...## .##.#.#


You could see an orc warrior, an orc priest and an orc.

Vanquished Creatures
  Eustachio (D:4)
  A water moccasin (D:5)
  An ogre (D:4)
  A scorpion (D:4)
  2 howler monkeys (D:4)
  A crimson imp (D:6)
  A bullfrog zombie (D:5)
  A hound (D:5)
  A jelly (D:5)
  5 orc wizards
  A bullfrog skeleton (D:4)
  5 orc priests
  A centaur skeleton (D:6)
  2 worker ants (D:4)
  The ghost of vev the Caller, a weakling OpSu (D:5)
  11 adders
  A shadow imp (D:5)
  2 oozes
  An adder zombie (D:5)
  An adder skeleton (D:4)
  3 worms (D:4)
  2 dart slugs
  5 leopard geckos
  28 orcs
  A ball python (D:2)
  10 bats
  13 giant cockroaches
  7 goblins
  11 hobgoblins
  3 jackals
  9 frilled lizards
  12 kobolds
  9 rats
154 creatures vanquished.

Notes
Turn   | Place    | Note
-------+----------+-------------------------------------------
     0 | D:1      | HAL9000 the Ogre Hunter began the quest for the Orb.
     0 | D:1      | Reached XP level 1. HP: 22/22 MP: 1/1
    54 | D:1      | Reached XP level 2. HP: 17/31 MP: 2/2
   425 | D:1      | Found a sparkling altar of Nemelex Xobeh.
   860 | D:1      | Reached XP level 3. HP: 39/40 MP: 3/3
  1170 | D:2      | Reached skill level 1 in Maces & Flails
  1317 | D:2      | Reached XP level 4. HP: 15/49 MP: 4/4
  1833 | D:2      | Reached skill level 2 in Maces & Flails
  2028 | D:2      | Found a glowing golden altar of the Shining One.
  2761 | D:3      | Reached XP level 5. HP: 40/55 MP: 5/5
  2771 | D:3      | Reached skill level 3 in Maces & Flails
  3131 | D:3      | Upgraded the game from 0.21-a0-88-g13b9641 to 0.21-a0-91-ga5031da
  3749 | D:4      | Found an iron altar of Okawaru.
  3829 | D:4      | Reached skill level 4 in Maces & Flails
  4100 | D:4      | Reached XP level 6. HP: 50/63 MP: 6/6
  4699 | D:4      | Reached skill level 5 in Maces & Flails
  4854 | D:4      | Found a staircase to the Ecumenical Temple.
  5045 | Temple   | Entered the Ecumenical Temple
  5257 | Temple   | Became a worshipper of Trog the Wrathful
  5448 | D:4      | Noticed Eustachio
  5960 | D:4      | Found a burning altar of Makhleb.
  5961 | D:4      | Found an iron altar of Okawaru.
  5965 | D:4      | Found a sacrificial altar of Ru.
  5966 | D:4      | Found an ornate altar of the Wu Jian Council.
  6449 | D:5      | Entered Level 5 of the Dungeon
  6492 | D:5      | Reached XP level 7. HP: 31/71 MP: 7/7
  6732 | D:5      | Reached skill level 6 in Maces & Flails
  7192 | D:5      | Reached * piety under Trog
  7828 | D:4      | Reached skill level 7 in Maces & Flails
  7954 | D:4      | Reached XP level 8. HP: 74/79 MP: 8/8
  8838 | D:5      | Noticed vev's ghost (weakling OpSu)
  9387 | D:4      | Reached skill level 8 in Maces & Flails
  9816 | D:4      | Killed Eustachio
 10008 | D:5      | Killed vev's ghost
 10510 | D:6      | Mangled by an orc warrior

Vault maps used:
D:1:      dpeg_arrival_stone_temple_mockup, nemelex_xobeh_ov_fountains_minmay
D:2:      tso_altar, minmay_domino_4
D:3:      first_bread, kennysheep_generic_room_7
D:4:      minitemple, minmay_temple_entry_statues_pillars, okawaru_gym_becter,
          uniq_eustachio
D:5:      portal_sewer_entry_f
D:6:      lemuel_coloured_pillars_altar, kennysheep_slug_shrine, uniq_menkaure
Temple:   minmay_temple_bridge_abc

Skill      XL: |  1  2  3  4  5  6  7  8 |
---------------+-------------------------+-----
Fighting       | 3 4 |  4.7
Maces & Flails | 1 2 4 5 7 8 |  8.8
Throwing       | |  4.0
Dodging        | |  1.7
Stealth        | |  0.6

Action                   |  1- 3 |  4- 6 |  7- 9 || total
-------------------------+-------+-------+-------++-------
Melee: Short sword       |   141 |    19 |       ||   160
       Mace              |       |   145 |       ||   145
       Rapier            |       |    28 |       ||    28
       Flail             |       |    89 |   250 ||   339
Throw: Large rock        |     2 |    19 |    13 ||    34
       Throwing net      |       |       |     3 ||     3
Invok: Berserk           |       |       |     3 ||     3
Evoke: Wand              |       |       |     1 ||     1
  Use: Potion            |     1 |     1 |     7 ||     9
       Scroll            |       |     3 |     2 ||     5
 Stab: Sleeping          |     1 |     8 |     1 ||    10
  Eat: Chunk             |     1 |    13 |     8 ||    22
       Meat ration       |       |     1 |       ||     1
       Fruit             |       |       |     2 ||     2
       Bread ration      |       |       |     1 ||     1
Armor: Robe              |    61 |   133 |    90 ||   284
       Skin              |       |       |    19 ||    19
Dodge: Dodged            |    88 |   233 |   144 ||   465
